Map: King's Cove LE

Players

XYZMudkip - Winner!

  • Race: Zerg Zerg
  • Spawn Location: 5:00

Brendope

  • Race: Terran Terran
  • Spawn Location: 11:00

VOD

Have the link to the VOD?

Description

Time

  • Played on: Aug. 29, 2019, 11:01 p.m.
  • Length: 17:57
Show
View Real Time Build Order
Export as new Build Order

XYZMudkip Zerg - Winner!

Build Orders: Pool First 

Get SALT Encoding   

  12  0:07  Drone  
  12  0:13  Overlord  
  13  0:18  Extractor  
  12  0:21  Drone  
  13  0:36  Overlord  
  13  0:37  Drone  
  14  0:58  Spawning Pool  
  14  1:00  Drone  
  14  1:09  Extractor  
  14  1:11  Drone  
  14  1:18  Drone  
  15  1:32  Drone  
  16  1:36  Drone  
  16  1:37  Evolution Chamber  
  16  1:42  Drone  
  17  1:50  Zergling x2  
  18  1:58  Drone  
  19  2:05  Metabolic Boost  
  19  2:11  Drone  
  20  2:20  Queen  
  22  2:46  Overlord  
  22  2:47  Overlord  
  22  2:49  Zerg Melee Weapons Level 1  
  22  3:10  Zergling x6  
  25  3:23  Roach Warren  
  24  3:28  Zergling x2  
  25  3:41  Drone  
  25  3:42  Drone x2  
  28  3:48  Drone  
  28  3:54  Queen  
  31  4:44  Zerg Ground Armor Level 1  
  31  4:57  Roach x3  
  31  4:58  Overlord x2  
  31  4:59  Overlord, Hatchery  
  36  5:15  Lair  
  36  5:16  Drone  
  37  6:07  Roach  
  37  6:08  Roach x2  
  43  6:23  Drone x2  
  45  6:30  Roach  
  47  6:38  Spire, Zerg Missile Weapons Level 1  
  46  6:45  Hydralisk Den  
  45  6:51  Drone x4  
  45  6:53  Extractor  
  48  6:54  Drone  
  48  6:56  Extractor  
  48  7:07  Drone  
  49  7:10  Drone  
  49  7:12  Drone  
  49  7:13  Drone x2  
  53  7:18  Glial Reconstitution  
  53  7:22  Grooved Spines  
  53  7:25  Hydralisk  
  55  7:31  Drone x3  
  58  7:58  Mutalisk x3  
  58  8:02  Overlord x3  
  64  8:25  Mutalisk x4  
  72  8:28  Zerg Flyer Weapons Level 1  
  72  8:30  Drone  
  72  8:34  Muscular Augments  
  73  9:04  Mutalisk x3  
  73  9:08  Hatchery, Drone x3  
  73  9:09  Zergling x2  
  82  9:47  Corruptor x2  
  82  9:48  Corruptor x3  
  82  9:52  Overlord  
  92  9:53  Overlord  
  92  9:58  Overlord  
  92  10:22  Zerg Flyer Armor Level 1  
  92  10:26  Hydralisk x5  
  102  10:32  Drone x2  
  104  10:55  Mutalisk x3  
  110  10:57  Mutalisk x3  
  116  11:28  Mutalisk x3  
  122  11:45  Overlord x5  
  122  11:59  Overlord x2  
  122  12:00  Overlord  
  122  12:03  Queen  
  122  12:06  Drone x3  
  127  12:10  Drone x5  
  132  12:30  Mutalisk x2  
  136  12:38  Queen  
  138  13:04  Mutalisk x3  
  144  13:07  Drone x8  
  152  13:36  Mutalisk x2  
  152  13:39  Mutalisk x4  
  152  13:40  Mutalisk  
  166  13:43  Mutalisk x3  
  166  13:46  Zerg Flyer Weapons Level 2  
  172  13:56  Extractor  
  172  13:57  Drone x2  
  172  13:58  Extractor  
  172  14:34  Drone x3  
  172  14:36  Mutalisk x3  
  181  14:45  Mutalisk  
  183  14:57  Hydralisk  
  184  15:11  Overlord x2  
  184  15:12  Overlord  
  184  15:26  Pneumatized Carapace  
  145  16:10  Corruptor x3  
  147  16:14  Mutalisk  
  147  16:15  Mutalisk x2  
  147  16:17  Lair  
  147  16:35  Corruptor x3  
  147  16:36  Corruptor  
  142  17:16  Drone x2  
  142  17:17  Drone  
  145  17:31  Hatchery  
  145  17:36  Hatchery  
Show
View Real Time Build Order
Export as new Build Order

Brendope Terran 

Build Orders:  

Get SALT Encoding   

  12  0:03  SCV  
  13  0:25  Refinery  
  13  0:27  Refinery  
  13  0:42  Supply Depot  
  13  1:04  Engineering Bay  
  13  1:05  Supply Depot  
  13  1:06  SCV  
  15  1:18  SCV  
  15  1:32  Barracks  
  15  2:00  Missile Turret  
  15  2:15  Terran Infantry Weapons Level 1  
  15  2:22  Missile Turret  
  15  2:27  Factory  
  15  2:29  Marine  
  16  2:49  Barracks Tech Lab  
  16  3:10  Bunker  
  16  3:32  Combat Shield  
  16  3:35  Marine  
  17  3:41  Bunker  
  17  3:53  Marine  
  18  4:09  Terran Infantry Armor Level 1  
  18  4:11  Marine  
  19  4:22  Starport  
  17  4:43  Marine  
  18  5:00  Marine, Planetary Fortress  
  19  5:07  Starport Tech Lab  
  19  5:18  Marine  
  20  5:32  Supply Depot  
  20  5:36  Marine  
  21  5:50  Fusion Core  
  21  5:54  Marine  
  21  5:55  Supply Depot  
  22  6:04  Hi-Sec Auto Tracking  
  22  6:12  Marine  
  23  6:19  Supply Depot  
  23  6:42  Supply Depot  
  23  6:44  Weapon Refit  
  23  6:45  Bunker  
  23  6:52  SCV  
  24  6:58  Marine  
  25  7:04  SCV  
  26  7:16  SCV  
  27  7:24  Marine  
  27  7:28  SCV  
  29  7:42  Marine  
  30  7:59  Marine  
  30  8:01  Battlecruiser  
  37  8:37  Marine  
  37  8:38  Bunker  
  38  8:55  Marine  
  39  9:05  Battlecruiser  
  45  9:13  Marine  
  46  9:31  Marine  
  47  10:09  Battlecruiser  
  53  11:13  Missile Turret, Battlecruiser  
  59  12:03  Supply Depot  
  59  12:24  Battlecruiser  
  59  12:25  Supply Depot  
  57  13:29  Battlecruiser  
  57  14:33  Battlecruiser  
  58  15:14  Marine  
  59  15:32  Marine  
  50  15:50  Marine  
  25  16:08  Marine  
    17:10  Viking  
Tags
 
Matchup
TvZ
Opening
Pool First
Spawn Locations
Cross Positions
Add a new tag
Caveats
  • Supply blocks, unpowered buildings, or Contaminate may cause inaccurate times.
  • Supply counts are checked every 10 seconds.